 Dungeon Crawl Stone Soup version 0.25-a0-597-gb30770a0c0 (webtiles) character file.

Game seed: 15468784057838517307, levelgen mode: deterministic

116687 Mehrunes the Spear-Bearer (level 16, -6/126 HPs)
             Began as a Demonspawn Abyssal Knight on Mar 15, 2020.
             Was the Champion of Lugonu.
             Mangled by a 27-headed hydra skeleton (8 damage)
             ... on level 4 of the Swamp.
             The game lasted 02:15:24 (30809 turns).

Mehrunes the Spear-Bearer (DsAK)                   Turns: 30809, Time: 02:15:24

Health: -6/126     AC: 24    Str: 22    XL:     16   Next: 21%
Magic:  19/26      EV: 26    Int: 17    God:    Lugonu [******]
Gold:   1291       SH: 13    Dex: 13    Spells: 5/15 levels left

rFire    + + +     SeeInvis +   j - +8 demon trident (distort)
rCold    . . .     Gourm    .   o - +0 kite shield
rNeg     + + .     Faith    .   V - +0 fire dragon scales
rPois    +         Spirit   .   t - +0 helmet
rElec    .         Reflect  .   U - +2 cloak of Elitism {rPois rN++ Str+4 Int-5}
rCorr    .         Harm     .   R - +0 pair of gloves
MR       +....                  v - +1 pair of boots
Stlth    ..........             C - amulet "Waci Ucost" {Acrobat Int+5}
HPRegen  5.31/turn              E - ring "Gepneom" {rF+ rC+ Int+2}
MPRegen  0.20/turn              P - ring of see invisible

@: mighty, lethally poisoned (-6 -> -6), about to teleport, acrobat, hasted,
wreathed by umbra, very quick
A: claws 2, iridescent scales 3, powered by death 3, spiny 1
a: Depart the Abyss, Bend Space, Banish, Corrupt, Enter the Abyss, Renounce
Religion


You were on level 4 of the Swamp.
You worshipped Lugonu.
Lugonu was exalted by your worship.
You were hungry.

You visited 3 branches of the dungeon, and saw 25 of its levels.
You visited the Abyss 1 time.
You also visited: Volcano.

You collected 1851 gold pieces.
You spent 560 gold pieces at shops.

Inventory:

Hand Weapons
 j - a +8 demon trident of distortion (weapon)
 N - a +0 hand crossbow
Missiles
 O - 150 bolts
Armour
 o - a +0 kite shield (worn)
 t - a +0 helmet (worn)
 v - a +1 pair of boots (worn)
 R - a +0 pair of gloves (worn)
 U - the +2 cloak of Elitism (worn) {rPois rN++ Str+4 Int-5}
   (You bought it in a shop on level 8 of the Dungeon)

   It affects your strength (+4).
   It affects your intelligence (-5).
   It protects you from poison.
   It greatly protects you from negative energy.
 V - +0 fire dragon scales (worn)
Jewellery
 w - an uncursed ring of resist corrosion
 C - the amulet "Waci Ucost" (around neck) {Acrobat Int+5}
   (You found it on level 4 of the Dungeon)

   [amulet of the acrobat]

   It helps you evade while moving and waiting.
   It affects your intelligence (+5).
 E - the ring "Gepneom" (left hand) {rF+ rC+ Int+2}
   (You acquired it on level 3 of the Swamp)

   [ring of protection from fire]

   It affects your intelligence (+2).
   It protects you from fire.
   It protects you from cold.
 G - a +1 ring of protection
 H - a +4 ring of evasion
 P - a ring of see invisible (right hand)
Wands
 i - a wand of enslavement (25)
 q - a wand of disintegration (33)
 u - a wand of paralysis (4)
 J - a wand of polymorph (6)
 K - a wand of acid (7)
 L - a wand of flame (39)
 M - a wand of iceblast (24)
 Z - a wand of scattershot (1)
Scrolls
 g - 2 scrolls of fog
 h - a scroll of amnesia
 k - a scroll of enchant armour
 n - 13 scrolls of remove curse
 x - 2 scrolls of blinking
 y - 9 scrolls of teleportation
 I - 2 scrolls of fear
 Q - 2 scrolls of identify
 S - 2 scrolls of magic mapping
 X - 2 scrolls of immolation
Potions
 a - 4 potions of haste
 b - 5 potions of stabbing
 d - 7 potions of curing
 e - 4 potions of magic
 l - 2 potions of resistance
 r - 3 potions of ambrosia
 A - 3 potions of flight
 B - 5 potions of mutation
 D - 4 potions of heal wounds
 F - 2 potions of cancellation
 T - 5 potions of brilliance
 W - 3 potions of berserk rage
Miscellaneous
 m - 2 sacks of spiders
 p - a lightning rod (4/4)
 s - a phial of floods
Comestibles
 c - 49 rations
 Y - 4 chunks of flesh


   Skills:
 + Level 11.5 Fighting
   Level 1.7 Long Blades
   Level 7.8 Maces & Flails
 - Level 14.0 Polearms
 - Level 6.6 Armour
 - Level 5.0 Dodging
 + Level 11.7 Shields
 - Level 2.0 Unarmed Combat
 - Level 5.5 Charms
 - Level 5.4 Air Magic
 - Level 13.9 Invocations
 - Level 4.3 Evocations


You had 5 spell levels left.
You knew the following spells:

 Your Spells              Type           Power        Failure   Level  Hunger
a - Swiftness             Chrm/Air       ###.....     17%         2    ###....
b - Song of Slaying       Chrm           ###.....     16%         2    ###....
c - Passage of Golubria   Tloc           N/A          100%        4    #####..
d - Passwall              Tmut/Erth      #.......     83%         2    ###....

Your spell library contained the following spells:

 Spells                   Type           Power        Failure   Level  Hunger
 Infusion                 Chrm           ###.         11%         1    ##.....
 Shock                    Conj/Air       #...         34%         1    ##.....
 Poisonous Vapours        Pois/Air       #.....       45%         2    ###....
 Shroud of Golubria       Chrm/Tloc      #.....       45%         2    ###....
 Ozocubu's Armour         Chrm/Ice       #.......     69%         3    ####...
 Spectral Weapon          Hex/Chrm       #.......     69%         3    ####...
 Corona                   Hex            #......      71%         1    ##.....
 Magic Dart               Conj           #...         71%         1    ##.....
 Sting                    Tmut/Pois      #...         71%         1    ##.....
 Summon Small Mammal      Summ           #...         71%         1    ##.....
 Static Discharge         Conj/Air       #.......     71%         3    ####...
 Airstrike                Air            ###.......   73%         4    #####..
 Blink                    Tloc           N/A          83%         2    ###....
 Call Imp                 Summ           #.......     83%         2    ###....
 Ensorcelled Hibernation  Hex/Ice        #.....       83%         2    ###....
 Slow                     Hex            #.......     83%         2    ###....
 Mephitic Cloud           Conj/Pois/Air  #.......     83%         3    ####...
 Call Canine Familiar     Summ           #.......     97%         3    ####...
 Conjure Flame            Conj/Fire      #.......     97%         3    ####...
 Ignite Poison            Fire/Tmut/Pois #.......     97%         3    ####...
 Inner Flame              Hex/Fire       #.......     97%         3    ####...
 Portal Projectile        Hex/Tloc       #.....       97%         3    ####...
 Summon Guardian Golem    Hex/Summ       #.......     97%         3    ####...
 Summon Lightning Spire   Summ/Air       #.......     98%         4    #####..
 Cause Fear               Hex            #.........   100%        4    #####..
 Leda's Liquefaction      Hex/Erth       #.........   100%        4    #####..
 Olgreb's Toxic Radiance  Pois           #.......     100%        4    #####..
 Summon Ice Beast         Ice/Summ       #.......     100%        4    #####..
 Borgnjor's Vile Clutch   Necr/Erth      #.........   100%        5    ######.
 Lee's Rapid Deconstruct  Erth           #.........   100%        5    ######.
 Lightning Bolt           Conj/Air       #.........   100%        5    ######.
 Silence                  Hex/Air        #.........   100%        5    ######.
 Darkness                 Hex            #.........   100%        6    #######
 Invisibility             Hex            #.......     100%        6    #######
 Shadow Creatures         Summ           N/A          100%        6    #######


Dungeon Overview and Level Annotations

Branches:
Dungeon (15/15)            Temple (0/1) D:5            Lair (6/6) D:10
  Swamp (4/4) Lair:4       Spider (0/4) Lair:2        Slime (0/5) Lair:5
    Orc (0/2) D:9          Vaults (0/5) D:13         Depths (0/5) D:15
Volcano (visited)

Altars:
Ashenzari
Fedhas
Gozag
Okawaru
Qazlal
Ru
Sif Muna
Trog

Shops:
D:8 [   D:12 :   D:13 *   D:14 %

Annotations:
D:11 2 transporters, GenChuck's ghost, journeyman TeFi
D:12 Rupert
D:14 corrupted
Swamp:3 corrupted
Swamp:4 corrupted
Abyss:1 Erolcha


Innate Abilities, Weirdness & Mutations

You have very sharp fingernails.
You are completely covered in iridescent scales. (AC +6)
You regenerate a lot of health from kills.
You are partially covered in sharp spines.


Message History

The 27-headed hydra skeleton is struck by your spines.
The 27-headed hydra skeleton closely misses you.
The 27-headed hydra skeleton bites you.
* * * LOW HITPOINT WARNING * * *
You block the 27-headed hydra skeleton's attack.
The 27-headed hydra skeleton bites you.
* * * LOW HITPOINT WARNING * * *
The 27-headed hydra skeleton completely misses you.
The 27-headed hydra skeleton bites you.
* * * LOW HITPOINT WARNING * * *
The 27-headed hydra skeleton bites you but does no damage. x2
The 27-headed hydra skeleton closely misses you.
The 27-headed hydra skeleton bites you but does no damage.
You block the 27-headed hydra skeleton's attack.
The 27-headed hydra skeleton barely misses you.
The 27-headed hydra skeleton misses you.
The 27-headed hydra skeleton bites you!
* * * LOW HITPOINT WARNING * * *
The 27-headed hydra skeleton bites you!
You die...

≈.♣♣♣.≈.♣♣# ..≈♣.♣..≈≈♣#
#!.♣Z X# ≈..≈≈≈..§.≈.♣
#.X. #5
♣......≈..#≈#♣#wZD##. #.
.)...§..§§.≈.♣.Xk.#. #.≈
.).≈..≈........#DxW#hX#.
.≈.≈.........5§xZ#X..X..
..≈≈≈.≈≈..≈5XX☼xZDDA3#..
.§.≈.....≈♣..≈☼#@#○☼....
.§≈...≈.≈....D○WZ#°≈...≈
≈♣.≈.≈...≈#h#x.X°☼☼≈...≈
♣♣...≈....≈≈3XXX○X#.....
.♣....≈♣...§...X.Z.....≈
.≈≈≈.≈≈...≈#.....#§...≈.
≈≈...≈≈♣..≈..#=.........
♣.♣≈♣.♣♣♣.≈♣#...#...X.♣♣
♣♣♣♣♣♣♣ ♣♣♣♣♣♣♣♣♣♣♣ ♣♣


You could see a five-headed hydra, 4 swamp dragons, a tyrant leech, a phantasmal
warrior, a spectral seven-headed hydra, a swamp drake, a six-headed hydra
zombie, a swamp dragon zombie, a 27-headed hydra skeleton, a neutral profane
servitor, 3 neutral starcursed masses, a neutral thrashing horror, 11 neutral
large abominations, a neutral freezing wraith, a neutral worldbinder, a neutral
sixfirhy, a neutral smoke demon, 2 neutral raiju, 3 neutral small abominations,
2 neutral iron imps, a neutral crimson imp and a neutral fire giant skeleton.

Vanquished Creatures
  2 entropy weavers (Lair:4)
  A vampire knight (Swamp:4)
  Azrael (D:14)
  12 hydras
  Erica (D:8)
  3 shambling mangroves
  3 centaur warriors
  A ghost crab (Swamp:3)
  A catoblepas (Lair:6)
  4 two-headed ogres
  3 death yaks (Lair:6)
  6 alligators
  A queen ant (Lair:4)
  Urug (D:10)
  A tengu warrior (D:15)
  A deep troll shaman (Lair:6)
  6 skeletal warriors
  A spriggan druid (Swamp:4)
  4 unseen horrors
  2 swamp dragons
  A glowing orange brain (D:15)
  6 wizards
  A lindwurm (Lair:6)
  A necromancer (D:13)
  Pikel (D:7)
  8 ugly things
  4 cyclopes
  2 manticores (D:14)
  3 toenail golems (Volcano)
  12 elephants (Lair:6)
  2 black mambas
  3 gargoyles (D:14)
  A centaur skeleton (D:15)
  11 spiny frogs
  A kobold demonologist (D:12)
  3 rime drakes
  10 komodo dragons
  A freezing wraith (D:14)
  Maggie (D:7)
  An efreet (D:13)
  A jumping spider (shapeshifter) (D:15)
  A troll (D:11)
  A queen bee (Lair:2)
  A death drake zombie (Swamp:4)
  3 polar bears (Lair:6)
  A merfolk (D:9)
  Prince Ribbit (D:5)
  3 bog bodies
  9 hornets
  9 slime creatures
  5 tyrant leeches
  2 meliai zombies
  16 blink frogs
  10 hippogriffs
  2 death drake skeletons (Swamp:4)
  A vampire (D:14)
  A centaur simulacrum (D:15)
  Sigmund (D:3)
  5 wyverns
  5 spriggans
  21 yaks
  7 shadows
  A wyvern (shapeshifter) (D:15)
  A wraith (D:12)
  A basilisk (Lair:3)
  10 vampire mosquitoes
  3 fire elementals (D:14)
  Eustachio (D:5)
  5 hungry ghosts
  A naga (shapeshifter) (D:15)
  17 soldier ants
  18 swamp worms
  13 insubstantial wisps
  An acid dragon (D:13)
  11 porcupines
  5 hell hounds (D:14)
  15 water moccasins
  8 orc warriors
  3 ice beasts
  8 sky beasts
  3 black bears
  5 swamp drakes
  3 eyes of draining
  A necrophage (D:5)
  15 wolves
  9 ogres
  4 phantoms
  20 centaurs
  4 big kobolds
  7 crocodiles
  16 bullfrogs
  7 scorpions
  34 killer bees
  3 wights (D:13)
  3 howler monkeys
  An electric eel (Lair:2)
  5 crimson imps
  2 centaur zombies
  2 bullfrog zombies
  7 hounds
  12 jellies
  14 orc wizards
  3 bullfrog skeletons
  14 orc priests
  4 iguanas
  6 hell rats (Lair:5)
  18 worker ants
  A hound zombie (D:6)
  2 hound skeletons
  A worker ant zombie (D:5)
  3 gnolls (D:10)
  16 adders
  5 shadow imps
  4 oozes
  3 adder skeletons
  4 adder zombies
  3 worms
  5 dart slugs
  4 leopard geckos
  46 orcs
  2 ball pythons
  4 giant cockroaches
  11 hobgoblins
  10 jackals
  4 quokkas
  6 bats
  4 frilled lizards
  4 goblins
  A jackal skeleton (D:9)
  32 kobolds
  2 leopard gecko zombies
  2 quokka skeletons
  A quokka zombie (D:6)
  8 rats
  2 briar patches (Swamp:1)
768 creatures vanquished.

Vanquished Creatures (others)
  A thorn hunter (Swamp:1)
  Aizul (Swamp:3)
  4 hydras
  A two-headed ogre (D:13)
  A ghost crab (Swamp:1)
  A centaur warrior (D:15)
  A death yak (Lair:6)
  An alligator (Swamp:1)
  A spriggan rider (Swamp:4)
  2 skeletal warriors (D:13)
  5 ugly things
  A manticore (D:14)
  2 deep elf magi (D:14)
  A toenail golem (Volcano)
  2 elephants (Lair:6)
  3 rime drakes (D:14)
  2 freezing wraiths
  A troll (D:14)
  2 tyrant leeches (Swamp:4)
  3 slime creatures
  A bog body (Swamp:3)
  A blink frog (Lair:6)
  4 hippogriffs (D:14)
  A basilisk (D:14)
  3 yaks (D:13)
  A hungry ghost (D:12)
  5 soldier ants (Lair:4)
  4 insubstantial wisps (Swamp:3)
  2 swamp worms
  A swamp drake (Swamp:3)
  2 hell hounds (D:14)
  An eye of draining (D:14)
  A crocodile (Lair:4)
  A worker ant (D:12)
  An orc (D:7)
  2 briar patches (Swamp:1)
  2 bushes (Lair:6)
  40 fungi
  31 plants
  10 starspawn tentacles
150 creatures vanquished.

Grand Total: 918 creatures vanquished

Notes
Turn   | Place    | Note
-------+----------+-------------------------------------------
     0 | Abyss:1  | Mehrunes the Demonspawn Abyssal Knight began the quest for
                  | the Orb.
     0 | Abyss:1  | Reached XP level 1. HP: 18/18 MP: 2/2
    72 | Abyss:1  | Noticed a small abomination
    73 | D:1      | Escaped the Abyss
   289 | D:1      | Gained mutation: You are partially covered in iridescent
                  | scales. (AC +2) [demonic ancestry]
   289 | D:1      | Reached XP level 2. HP: 14/24 MP: 3/3
  1410 | D:2      | Reached * piety under Lugonu
  1410 | D:2      | Gained mutation: You are partially covered in sharp spines.
                  | [demonic ancestry]
  1410 | D:2      | Reached XP level 3. HP: 22/30 MP: 4/4
  2148 | D:2      | Reached XP level 4. HP: 38/38 MP: 5/5
  2228 | D:2      | Reached skill level 5 in Fighting
  2599 | D:2      | Reached skill level 1 in Maces & Flails
  3012 | D:3      | Noticed Sigmund
  3116 | D:4      | Got a coiled bronze amulet
  3132 | D:4      | Reached XP level 5. HP: 28/44 MP: 6/6
  3383 | D:4      | Reached ** piety under Lugonu
  3478 | D:4      | Identified the amulet "Waci Ucost" {Acrobat Int+5} (You
                  | found it on level 4 of the Dungeon)
  3703 | D:4      | Gained mutation: You have sharp fingernails. [demonic
                  | ancestry]
  3703 | D:4      | Reached XP level 6. HP: 51/51 MP: 7/7
  4117 | D:5      | Entered Level 5 of the Dungeon
  4117 | D:5      | Noticed Eustachio
  4184 | D:5      | Noticed a sky beast
  4195 | D:5      | Killed a sky beast
  4280 | D:5      | Reached skill level 1 in Dodging
  4280 | D:5      | Gained mutation: You regenerate a little health from kills.
                  | [demonic ancestry]
  4280 | D:5      | Reached XP level 7. HP: 56/56 MP: 9/9
  4326 | D:5      | Killed Eustachio
  4410 | D:5      | Noticed Prince Ribbit
  4442 | D:5      | Killed Prince Ribbit
  4836 | D:5      | Found a transporter.
  4853 | D:5      | Found a transporter.
  4861 | D:5      | Reached XP level 8. HP: 62/62 MP: 10/10
  5087 | D:5      | Found a staircase to the Ecumenical Temple.
  5250 | D:5      | Found a sacrificial altar of Ru.
  6794 | D:5      | Reached skill level 5 in Armour
  7166 | D:6      | Reached skill level 5 in Maces & Flails
  7429 | D:6      | Reached skill level 5 in Dodging
  7471 | D:6      | Reached skill level 1 in Evocations
  7631 | D:6      | Gained mutation: You regenerate health from kills. [demonic
                  | ancestry]
  7631 | D:6      | Reached XP level 9. HP: 68/68 MP: 12/12
  7910 | D:6      | Found a shimmering blue altar of Sif Muna.
  7910 | D:6      | Found an opulent altar of Gozag.
  7911 | D:6      | Found a shattered altar of Ashenzari.
  8252 | D:3      | Killed Sigmund
  8698 | D:7      | Noticed Maggie
  9217 | D:7      | Killed Maggie
  9264 | D:7      | Reached *** piety under Lugonu
  9435 | D:7      | Noticed Pikel
  9460 | D:7      | Killed Pikel
  9782 | D:6      | Reached XP level 10. HP: 77/79 MP: 13/13
 10131 | D:8      | Reached skill level 5 in Invocations
 10473 | D:8      | Noticed Erica
 10525 | D:8      | Found an iron altar of Okawaru.
 11133 | D:8      | Found Aqenumi Daph's Antique Armour Emporium.
 11137 | D:8      | Bought a polished cloak for 304 gold pieces
 11142 | D:8      | Identified the +2 cloak of Elitism {rPois rN++ Str+4 Int-5}
                  | (You bought it in a shop on level 8 of the Dungeon)
 11237 | D:8      | Killed Erica
 11440 | D:9      | Found a staircase to the Orcish Mines.
 11490 | D:9      | Found a stormy altar of Qazlal.
 11768 | D:9      | Reached **** piety under Lugonu
 11897 | D:9      | Found a bloodstained altar of Trog.
 12233 | D:10     | Entered Level 10 of the Dungeon
 12248 | D:10     | Found a blossoming altar of Fedhas.
 12291 | D:10     | Learned a level 2 spell: Swiftness
 12294 | D:10     | Learned a level 2 spell: Song of Slaying
 12492 | D:10     | Reached skill level 1 in Charms
 12518 | D:10     | Reached skill level 1 in Air Magic
 12527 | D:10     | Gained mutation: You are mostly covered in iridescent
                  | scales. (AC +4) [demonic ancestry]
 12527 | D:10     | Reached XP level 11. HP: 81/89 MP: 5/16
 12605 | D:10     | Found a staircase to the Lair.
 13027 | D:10     | Noticed Urug
 13039 | D:10     | Killed Urug
 13057 | D:10     | Noticed a two-headed ogre
 13071 | D:10     | Killed a two-headed ogre
 13109 | D:10     | Reached skill level 1 in Polearms
 13723 | D:11     | Reached skill level 2 in Polearms
 13774 | D:11     | Noticed a two-headed ogre
 13778 | D:11     | Killed a two-headed ogre
 13820 | D:11     | Reached ***** piety under Lugonu
 13835 | D:11     | Found a transporter.
 13837 | D:11     | Found a transporter.
 13837 | D:11     | Noticed a two-headed ogre
 13837 | D:11     | Noticed GenChuck's ghost (journeyman TeFi)
 13839 | D:11     | Noticed a two-headed ogre
 13840 | D:11     | Identified the +3 dire flail of Impatience {vorpal, +Rage
                  | MR++ Int+3}
 13840 | D:11     | Identified the cursed +2 great mace of Skirmishing
                  | {protect, rC+}
 13840 | D:11     | Noticed a two-headed ogre
 14048 | D:11     | Noticed an unseen horror
 14056 | D:11     | Killed an unseen horror
 14056 | D:11     | Reached skill level 3 in Polearms
 14056 | D:11     | Reached skill level 1 in Shields
 14523 | D:12     | Noticed a six-headed hydra
 14527 | D:12     | Noticed a six-headed hydra
 14613 | Lair:1   | Entered Level 1 of the Lair of Beasts
 14715 | Lair:1   | Reached skill level 4 in Polearms
 14961 | Lair:1   | Gained mutation: You have very sharp fingernails. [demonic
                  | ancestry]
 14961 | Lair:1   | Reached XP level 12. HP: 90/95 MP: 18/18
 15020 | Lair:1   | Reached skill level 5 in Polearms
 15600 | Lair:1   | Noticed an eight-headed hydra
 15625 | Lair:1   | Killed an eight-headed hydra
 15625 | Lair:1   | Reached skill level 6 in Polearms
 15978 | Lair:2   | Found a hole to the Spider Nest.
 15998 | Lair:2   | Reached skill level 7 in Polearms
 16159 | Lair:2   | Noticed a four-headed hydra
 16457 | Lair:2   | Killed a four-headed hydra
 16618 | Lair:1   | Reached skill level 8 in Polearms
 16934 | Lair:2   | Reached skill level 9 in Polearms
 17290 | Lair:3   | Noticed a five-headed hydra
 17332 | Lair:3   | Reached ****** piety under Lugonu
 17607 | Lair:2   | Reached skill level 10 in Polearms
 17714 | Lair:2   | Killed a five-headed hydra
 17994 | Lair:3   | Reached XP level 13. HP: 83/101 MP: 19/19
 18623 | Lair:4   | Found a staircase to the Swamp.
 18658 | Lair:4   | Identified a +4 demon trident of distortion (a +2 demon
                  | trident of venom corrupted by Lugonu)
 18658 | Lair:4   | Received a gift from Lugonu
 18779 | Lair:4   | Noticed an entropy weaver
 19031 | Lair:4   | Reached skill level 11 in Polearms
 19046 | Lair:4   | Noticed an entropy weaver
 19058 | Lair:4   | Killed an entropy weaver
 19358 | Lair:4   | Killed an entropy weaver
 19775 | Lair:5   | Found a staircase to the Slime Pits.
 20074 | Lair:5   | Reached skill level 10 in Invocations
 20349 | Lair:5   | Found a dark tunnel.
 20354 | Volcano  | Entered a volcano
 20426 | Volcano  | Reached skill level 12 in Polearms
 20883 | Lair:6   | Entered Level 6 of the Lair of Beasts
 21888 | Lair:6   | Gained mutation: You are completely covered in iridescent
                  | scales. (AC +6) [demonic ancestry]
 21888 | Lair:6   | Reached XP level 14. HP: 108/108 MP: 23/23
 21979 | Lair:6   | Reached skill level 5 in Shields
 22945 | Lair:6   | Reached skill level 13 in Polearms
 23668 | D:12     | Noticed Erolcha
 23678 | D:12     | Banished Erolcha
 23828 | D:12     | Found Inygept's Book Shoppe.
 24223 | D:13     | Found Ykaon's Assorted Antiques.
 24231 | D:13     | Bought a transparent kite shield for 256 gold pieces
 24269 | D:12     | Identified the cursed +0 kite shield "Bihirunt" {rC- rCorr
                  | Int+2} (You bought it in a shop on level 13 of the Dungeon)
 24347 | D:12     | Noticed Rupert
 24702 | D:13     | Found a gate to the Vaults.
 25257 | D:14     | Noticed Azrael
 25367 | D:14     | Reached XP level 15. HP: 84/113 MP: 25/25
 25370 | D:14     | Killed Azrael
 25370 | D:14     | Reached skill level 14 in Polearms
 25644 | D:14     | Corrupted D:14
 25644 | D:14     | Noticed a tentacled starspawn
 25644 | D:14     | Noticed an Executioner
 25884 | D:14     | Found Vyuhisk's Food Emporium.
 26035 | D:15     | Entered Level 15 of the Dungeon
 26043 | D:15     | Reached skill level 5 in Charms
 26128 | D:15     | Reached skill level 5 in Air Magic
 26611 | D:15     | Found a staircase to the Depths.
 27033 | Swamp:1  | Entered Level 1 of the Swamp
 27124 | Swamp:1  | Reached skill level 10 in Shields
 27232 | Swamp:1  | Noticed a thorn hunter
 27250 | Swamp:1  | Banished a thorn hunter
 27680 | Swamp:1  | Learned a level 4 spell: Passage of Golubria
 27683 | Swamp:1  | Learned a level 2 spell: Passwall
 28084 | Swamp:2  | Reached skill level 10 in Fighting
 29332 | Swamp:3  | Gained mutation: You regenerate a lot of health from kills.
                  | [demonic ancestry]
 29332 | Swamp:3  | Reached XP level 16. HP: 114/124 MP: 26/26
 29345 | Swamp:3  | Noticed Aizul
 29366 | Swamp:3  | Corrupted Swamp:3
 29366 | Swamp:3  | Noticed a tentacled starspawn
 29366 | Swamp:3  | Noticed a tentacled starspawn
 29366 | Swamp:3  | Noticed a tentacled starspawn
 29366 | Swamp:3  | Noticed a tentacled starspawn
 29374 | Swamp:3  | Killed Aizul
 30118 | Swamp:3  | Identified a scroll of acquirement
 30126 | Swamp:3  | Identified the ring "Gepneom" {rF+ rC+ Int+2} (You acquired
                  | it on level 3 of the Swamp)
 30289 | Swamp:4  | Entered Level 4 of the Swamp
 30808 | Swamp:4  | Corrupted Swamp:4
 30808 | Swamp:4  | Noticed a profane servitor
 30809 | Swamp:4  | HP: 2/126 [27-headed hydra skeleton (7)]
 30809 | Swamp:4  | Mangled by a 27-headed hydra skeleton

Levels and vault maps discovered:
D:1:      onia_arrival_mini_maze_b, layout_basic
D:2:      layout_loops_ring, minivault_19
D:3:      layout_loops_cross, uniq_sigmund
D:4:      layout_cave_pods, first_ration
D:5:      gammafunk_wand_slinger, layout_basic, nicolae_ru_sacrificial_ziggurat,
          minmay_temple_entry_mist, uniq_prince_ribbit1, uniq_eustachio
D:6:      layout_gridville, gammafunk_temple_overflow_claw
D:7:      layout_basic, uniq_maggie, uniq_pikel
D:8:      layout_loops_ring, serial_shops, shop_fountains,
          kennysheep_okawaru_gauntlet, uniq_erica
D:9:      layout_roguey, grunt_qazlal_sundering, hangedman_fish_farm,
          trog_eyes_of_draining
D:10:     layout_basic, due_lair_maze_entry_diamond, fedhas_altar_2, uniq_urug
D:11:     layout_irregular_city, gammafunk_ghost_smash, gauntlet_entry_generic
D:12:     layout_roguey, nicolae_transmutations_shop, kennysheep_windowed_goal,
          uniq_erolcha, uniq_rupert
D:13:     layout_long_grid, david_vaults_1, serial_shops, nicolae_shop_trees
D:14:     layout_cave_pools, special_room [special_room_mythical_zoo],
          serial_shops, nicolae_shop_waterfront, nicolae_twisting_strands,
          uniq_azrael
D:15:     gammafunk_enter_depths_forms, layout_irregular_city,
          minmay_misc_feat_tiny
Lair:1:   layout_regular_city
Lair:2:   layout_gridlike, dummy_spider_entry, special_room [special_room_bee],
          serial_bayou_lagoon_a
Lair:3:   layout_hall_layers
Lair:4:   layout_gridlike, minmay_swamp_entry_swarm,
          nicolae_quartered_pool_medium, zaba_antful_of_joy
Lair:5:   layout_long_grid, minmay_slime_entry_jelly_boxes, enter_volcano_4
Lair:6:   grunt_lair_end_beastmaster, layout_loops_ring
Swamp:1:  layout_falls_marsh, evilmike_swamp_ruin_rubble_2, swamp_pool4
Swamp:2:  layout_falls_marsh, serial_swamp_ruin, evilmike_swamp_ruin_house_6,
          evilmike_swamp_ruin_rubble_1
Swamp:3:  cheibrodos_swamp_heart_of_darkness, layout_basic_swamp,
          hangedman_swamp_pad, uniq_aizul
Swamp:4:  byrel_swamp_growth_death_and_undeath, layout_basic_swamp, swamp_pool1

Skill      XL: |  1  2  3  4  5  6  7  8  9 10 11 12 13 14 15 16 |
---------------+-------------------------------------------------+-----
Fighting       | 4 5 7 9 10 11 | 11.5
Maces & Flails | 2 4 5 7 |  7.8
Invocations    | 3 4 7 8 12 13 | 13.9
Unarmed Combat | 2 |  2.0
Armour         | 2 3 5 6 |  6.6
Dodging        | 1 3 5 |  5.0
Evocations     | 2 4 |  4.3
Charms         | 1 4 5 |  5.5
Air Magic      | 1 4 5 |  5.4
Polearms       | 4 10 12 13 14 | 14.0
Shields        | 3 4 8 11 | 11.7
Long Blades    | |  1.7

Action                   |  1- 3 |  4- 6 |  7- 9 | 10-12 | 13-15 | 16-18 || total
-------------------------+-------+-------+-------+-------+-------+-------++-------
Melee: Falchion          |    93 |       |       |       |       |       ||    93
       Dagger            |    13 |     2 |    60 |    74 |       |       ||   149
       Whip              |       |   112 |   229 |    41 |       |       ||   382
       Punch             |       |       |     1 |     3 |       |       ||     4
       Dire flail        |       |       |       |   239 |       |       ||   239
       Short sword       |       |       |       |    18 |       |       ||    18
       Demon trident     |       |       |       |   329 |  1419 |   145 ||  1893
 Fire: Hunting sling     |    18 |       |    95 |       |       |       ||   113
       Hand crossbow     |       |       |       |    20 |     3 |       ||    23
Invok: Depart the Abyss  |     1 |       |       |       |       |       ||     1
       Bend Space        |       |       |     1 |     6 |       |       ||     7
       Banish            |       |       |       |     1 |       |       ||     1
       Brand Weapon With |       |       |       |       |     1 |       ||     1
       Corrupt           |       |       |       |       |     1 |     2 ||     3
Evoke: Wand              |       |       |     8 |    19 |     8 |       ||    35
  Use: Scroll            |       |       |    11 |    13 |    10 |     9 ||    43
       Potion            |       |       |     2 |     5 |     3 |     3 ||    13
 Stab: Sleeping          |       |     1 |       |       |       |       ||     1
       Paralysed         |       |       |     8 |     9 |       |       ||    17
       Invisible         |       |       |     1 |       |       |       ||     1
       Confused          |       |       |       |       |     1 |       ||     1
  Eat: Chunk             |     4 |     7 |    10 |    22 |    41 |     2 ||    86
       Ration            |       |       |     2 |     2 |       |     1 ||     5
Armor: Leather armour    |    24 |    28 |       |       |       |       ||    52
       Ring mail         |       |    12 |    21 |       |       |       ||    33
       Scale mail        |       |       |    24 |       |       |       ||    24
       Chain mail        |       |       |    91 |   382 |   108 |       ||   581
       Fire dragon scale |       |       |       |       |   420 |    97 ||   517
Dodge: Dodged            |    68 |    36 |   141 |   409 |   726 |    93 ||  1473
Block: Buckler           |       |       |       |    88 |    87 |       ||   175
       Kite shield       |       |       |       |       |   503 |   120 ||   623
       Rpst.: Falchion   |    20 |       |       |       |       |       ||    20

Table legend:
 A = Non-vault XP
 B = Vault XP
 C = Vault XP percentage of total XP
 D = Non-vault monster count
 E = Vault monster count
 F = Vault count percentage of total count
                 A         B        C        D         E       F
            +---------+---------+-------+---------+---------+-------
      Total |  118552 |   48144 |  28.9 |     638 |     183 |  22.3
            +---------+---------+-------+---------+---------+-------
        D:1 |      33 |       0 |   0.0 |      17 |       0 |   0.0
        D:2 |      95 |       0 |   0.0 |      31 |       0 |   0.0
        D:3 |      65 |     220 |  77.2 |      15 |       1 |   6.2
        D:4 |     408 |       0 |   0.0 |      20 |       0 |   0.0
        D:5 |     827 |     572 |  40.9 |      15 |       6 |  28.6
        D:6 |    1474 |       0 |   0.0 |      31 |       0 |   0.0
        D:7 |    1502 |     957 |  38.9 |      27 |       2 |   6.9
        D:8 |    1336 |     958 |  41.8 |      28 |       3 |   9.7
        D:9 |    1133 |     549 |  32.6 |      35 |       5 |  12.5
       D:10 |    1845 |    2104 |  53.3 |      19 |      11 |  36.7
       D:11 |    4892 |       0 |   0.0 |      33 |       0 |   0.0
       D:12 |    5433 |    1037 |  16.0 |      26 |       3 |  10.3
       D:13 |    8625 |    3062 |  26.2 |      47 |       4 |   7.8
       D:14 |   12915 |    5678 |  30.5 |      43 |      23 |  34.8
       D:15 |    6337 |    3639 |  36.5 |      20 |       9 |  31.0
     Lair:1 |    6714 |     811 |  10.8 |      30 |      13 |  30.2
     Lair:2 |    5589 |    1043 |  15.7 |      19 |      13 |  40.6
     Lair:3 |    5109 |       0 |   0.0 |      20 |       0 |   0.0
     Lair:4 |    1807 |    7618 |  80.8 |       5 |      39 |  88.6
     Lair:5 |    2906 |     490 |  14.4 |      15 |      14 |  48.3
     Lair:6 |   10959 |    9630 |  46.8 |      34 |      19 |  35.8
    Swamp:1 |   11892 |       0 |   0.0 |      33 |       0 |   0.0
    Swamp:2 |   11654 |       0 |   0.0 |      32 |       0 |   0.0
    Swamp:3 |    7487 |     767 |   9.3 |      21 |       2 |   8.7
    Swamp:4 |    7515 |    2982 |  28.4 |      22 |       6 |  21.4
    Volcano |       0 |    6027 | 100.0 |       0 |      10 | 100.0
            +---------+---------+-------+---------+---------+-------
